 Dungeon Crawl Stone Soup version 0.18-a0-1405-g73f4075 (webtiles) character file.

851 Kidiri the Magician (level 7, -3/40 HPs)
             Began as a Deep Elf Fire Elementalist on Feb 24, 2016.
             Killed from afar by yogakurto's ghost (7 damage)
             ... with a magic dart
             ... on level 5 of the Dungeon.
             The game lasted 00:18:12 (6159 turns).

Kidiri the Magician (Deep Elf Fire Elementalist)    Turns: 6159, Time: 00:18:12

Health: -3/40      AC:  5    Str: 10    XL:     7   Next: 69%
Magic:  1/19       EV: 17    Int: 22    God:
Gold:   67         SH:  0    Dex: 20    Spells: 6 memorised, 1 level left

rFire  . . .     SeeInvis .     e - +1 dagger
rCold  . . .     Gourm    .     a - +0 robe
rNeg   . . .     Faith    .     (no shield)
rPois  .         Spirit   .     (no helmet)
rElec  .         Dismiss  .     r - +0 cloak
rCorr  .         Reflect  .     (no gloves)
SustAt .         Harm     .     n - +1 pair of boots
MR     .....                    (no amulet)
Stlth  +++.......               (no ring)
                                (no ring)

@: mighty, agile, very slightly contaminated, very heavily drained, not
resistant to hostile enchantments, fairly stealthy
A: no striking features
a: no special abilities


You were on level 5 of the Dungeon.
You were hungry.

You visited 1 branch of the dungeon, and saw 5 of its levels.

You collected 179 gold pieces.
You spent 112 gold pieces at shops.

Inventory:

Hand Weapons
 e - a +1 dagger (weapon)
Armour
 a - a +0 robe (worn)
 n - a +1 pair of boots (worn)
 r - a +0 cloak (worn)
Wands
 k - a wand of flame (18/48)
 l - a wand of flame (28/48)
Scrolls
 m - a scroll of noise
Potions
 i - a potion of flight
 o - a potion of berserk rage
 p - a potion of brilliance
 w - 2 potions of haste {unknown}
Books
 b - a book of Flames

   Spells                             Type                      Level
   a - Flame Tongue                   Conjuration/Fire             1
   b - Throw Flame                    Conjuration/Fire             2
   c - Conjure Flame                  Conjuration/Fire             3
   d - Inner Flame                    Hexes/Fire                   3
   e - Sticky Flame                   Conjuration/Fire             4
   f - Fireball                       Conjuration/Fire             5
Comestibles
 c - 5 bread rations
 f - a beef jerky
 u - 3 fruits


   Skills:
 + Level 2.1(0.0) Fighting
 + Level 4.4(1.0) Dodging
 + Level 4.4(0.9) Stealth
 * Level 6.8(3.1) Spellcasting
 + Level 2.9(0.0) Conjurations
 + Level 3.6(0.1) Hexes
 + Level 4.6(1.1) Fire Magic


You had one spell level left.
You knew the following spells:

 Your Spells              Type           Power        Failure   Level  Hunger
a - Flame Tongue          Conj/Fire      #....        12%         1    None
b - Throw Flame           Conj/Fire      #.....       17%         2    ##.....
c - Conjure Flame         Conj/Fire      #.......     34%         3    ###....
d - Inner Flame           Hex/Fire       #.......     34%         3    ###....
e - Sticky Flame          Conj/Fire      #.......     91%         4    ####...
f - Fireball              Conj/Fire      #.........   100%        5    ######.


Dungeon Overview and Level Annotations

Branches:
Dungeon (5/15)
 Temple: D:4-7

Altars:
Cheibriados
Gozag
Ru

Shops:
D:4 !

Annotations:
D:5 yogakurto's ghost, novice TrCj


Message History

* * * LOW HITPOINT WARNING * * *
Read which item? (? for menu, Esc to quit)
Okay, then.
Unknown command.
Unknown command.
Unknown command.
Drink which item? (? for menu, Esc to quit)
You feel agile all of a sudden.
Yogakurto's ghost gestures at you while chanting.
The magic dart hits you!
* * * LOW HITPOINT WARNING * * *
Unknown command.
Drink which item? (? for menu, Esc to quit)
Okay, then.
Unknown command.
You hit yogakurto's ghost.
Yogakurto's ghost is heavily damaged.
Yogakurto's ghost points at you and mumbles some strange words.
The magic dart hits you!
You die...

##..# ##...## ##.....#
###......# .#......[#
########..
.#######.###.<......P
...#..............##...
######......###W#####
##..#.##.......@.#
##...#..##........#
#....#...##.......#
.....#....##......#
.....#.....##.....#
.....#......##....#
##.#####)#........#
#.[..............#
#########........#


You could see yogakurto's ghost.

Vanquished Creatures
  3 ogres (D:4)
  A scorpion (D:4)
  A water moccasin skeleton (D:4)
  A hound (D:4)
  An orc priest (D:3)
  An orc wizard (D:4)
  Jessica (D:2)
  Natasha (thrice) (D:2)
  5 worker ants (D:4)
  4 gnolls (D:4)
  5 adders
  An ooze (D:3)
  A worm (D:2)
  2 dart slugs (D:1)
  4 giant geckos
  14 orcs
  4 giant cockroaches
  8 goblins
  5 hobgoblins
  8 jackals
  4 quokkas
  4 ball pythons
  5 bats
  5 giant newts
  5 kobolds
  A quokka skeleton (D:4)
  5 rats
102 creatures vanquished.

Notes
Turn   | Place    | Note
--------------------------------------------------------------
     0 | D:1      | Kidiri the Deep Elf Fire Elementalist began the quest for the Orb.
     0 | D:1      | Reached XP level 1. HP: 10/10 MP: 6/6
   476 | D:1      | Reached XP level 2. HP: 15/15 MP: 6/8
   481 | D:1      | Learned a level 2 spell: Throw Flame
  1102 | D:2      | Noticed Jessica
  1161 | D:2      | Reached XP level 3. HP: 19/19 MP: 7/10
  1166 | D:2      | Learned a level 3 spell: Conjure Flame
  1170 | D:2      | Learned a level 3 spell: Inner Flame
  1241 | D:2      | Noticed Natasha
  1246 | D:2      | Killed Natasha
  1246 | D:2      | Reached skill level 1 in Fighting
  1246 | D:2      | Reached skill level 4 in Spellcasting
  1457 | D:2      | Reached XP level 4. HP: 25/25 MP: 6/12
  1506 | D:2      | Reached skill level 1 in Hexes
  1537 | D:2      | Killed Jessica
  1589 | D:2      | Noticed Natasha
  2176 | D:2      | Killed Natasha
  2596 | D:2      | Noticed Natasha
  2601 | D:2      | Killed Natasha
  2601 | D:2      | Reached XP level 5. HP: 2/29 MP: 6/13
  2900 | D:2      | Found an opulent altar of Gozag.
  3060 | D:2      | Learned a level 4 spell: Sticky Flame
  3550 | D:3      | Reached skill level 5 in Spellcasting
  3955 | D:3      | Found a snail-covered altar of Cheibriados.
  4681 | D:3      | Reached XP level 6. HP: 34/34 MP: 12/15
  4984 | D:4      | Found Naseus's Distillery.
  4992 | D:4      | Bought a potion of might for 56 gold pieces
  4992 | D:4      | Bought a potion of agility for 56 gold pieces
  5250 | D:4      | Reached skill level 6 in Spellcasting
  5250 | D:4      | Reached XP level 7. HP: 39/39 MP: 2/18
  5355 | D:4      | Learned a level 5 spell: Fireball
  5932 | D:4      | Found a sacrificial altar of Ru.
  6073 | D:5      | Entered Level 5 of the Dungeon
  6127 | D:5      | Noticed yogakurto's ghost (novice TrCj)
  6159 | D:5      | Killed from afar by yogakurto's ghost

Vault maps used:
D:1:      dpeg_arrival_three_bigger_balls
D:2:      nicolae_overflow_crystal_walls, first_bread,
          hangedman_decor_diamond_cutter, uniq_natasha, uniq_jessica
D:3:      cheibriados_altar_1, patterned_corridor
D:4:      serial_shops, shop, nicolae_ru_sacrificial_ziggurat
D:5:      kennysheep_mini_moat, kennysheep_little_box,
          nicolae_ashenzari_panopticon, fedhas_altar_1, serial_shops,
          kennysheep_mini, uniq_pikel

Skill      XL: |  1  2  3  4  5  6  7 |
---------------+----------------------+-----
Fighting       | 1 2 |  2.1
Spellcasting   | 4 5 6 |  6.8
Hexes          | 1 2 3 |  3.6
Dodging        | 3 4 |  4.4
Stealth        | 3 4 |  4.4
Fire Magic     | 4 |  4.6
Conjurations   | 2 |  2.9

Action                   |  1- 3 |  4- 6 |  7- 9 || total
-------------------------+-------+-------+-------++-------
Melee: Dagger            |     4 |     5 |     7 ||    16
 Cast: Flame Tongue      |    35 |    78 |    30 ||   143
       Throw Flame       |     9 |    46 |    10 ||    65
       Sticky Flame      |       |     2 |     2 ||     4
       Inner Flame       |       |     2 |     3 ||     5
       Conjure Flame     |       |     1 |     2 ||     3
  Use: Scroll            |       |    12 |     3 ||    15
       Potion            |       |       |     5 ||     5
 Stab: Sleeping          |     2 |       |       ||     2
  Eat: Chunk             |     2 |     7 |     2 ||    11
       Meat ration       |       |     1 |       ||     1
